 Dungeon Crawl Stone Soup version 0.25.1-2-g60ff931df9 (webtiles) character file.

Game seed: 9685091266298772334

5 DerDa the Stinger (level 1, 0/13 HPs)
             Began as a Formicid Venom Mage on Sept 26, 2020.
             Slain by a gnoll
             ... wielding a +0 halberd
              (9 damage)
             ... on level 1 of the Dungeon.
             The game lasted 00:01:08 (180 turns).

DerDa the Stinger (Formicid Venom Mage)              Turns: 180, Time: 00:01:09

Health: 0/13       AC:  2    Str: 12    XL:     1   Next: 88%
Magic:  2/3        EV: 12    Int: 14    God:
Gold:   9          SH:  0    Dex: 11    Spells: 3/4 levels left

rFire    . . .     SeeInvis +   b - +0 whip
rCold    . . .     Gourm    .   (no shield)
rNeg     . . .     Faith    .   a - +0 robe
rPois    .         Spirit   .   (helmet unavailable)
rElec    .         Reflect  .   (no cloak)
rCorr    .         Harm     .   (no gloves)
MR       .....                  (no boots)
Stlth    ++........             (no amulet)
HPRegen  0.04/turn              (no ring)
MPRegen  0.08/turn              (no ring)

@: no status effects
A: permanent stasis, dig shafts and tunnels, four strong arms, antennae 3
a: Dig, Shaft Self


You were on level 1 of the Dungeon.
You were not hungry.

You visited 1 branch of the dungeon, and saw 1 of its levels.

You collected 9 gold pieces.

Inventory:

Hand Weapons
 b - a +0 whip (weapon)
Missiles
 g - 2 poisoned darts (quivered)
Armour
 a - a +0 robe (worn)
Scrolls
 d - a scroll of identify {unknown}
Comestibles
 c - 2 rations
 f - 6 chunks of flesh


   Skills:
 - Level 1.7 Dodging
 - Level 2.4 Stealth
 * Level 2.4 Spellcasting
 + Level 1.2 Transmutations
 * Level 4.2 Poison Magic


You had 3 spell levels left.
You knew the following spells:

 Your Spells              Type           Power        Failure   Level  Hunger
a - Sting                 Tmut/Pois      #...         8%          1    #......

Your spell library contained the following spells:

 Spells                   Type           Power        Failure   Level  Hunger
 Poisonous Vapours        Pois/Air       #.....       14%         2    ###....
 Ignite Poison            Fire/Tmut/Pois #.......     32%         3    ###....
 Mephitic Cloud           Conj/Pois/Air  #.......     36%         3    ###....
 Olgreb's Toxic Radiance  Pois           ##......     36%         4    #####..


Dungeon Overview and Level Annotations

Branches:
Dungeon (1/15)

Altars:


Innate Abilities, Weirdness & Mutations

You cannot be hasted, slowed, berserked, paralysed or teleported.
You can dig through walls and to a lower floor.
Your four strong arms can wield two-handed weapons with a shield.
You have a pair of large antennae on your head. (SInv)


Message History

Throwing (i - inventory)
g - 4 poisoned darts (quivered)
Press: ? - help, Shift-Dir - straight line, f/p - kobold
Aim: a kobold, quivering 2 stones You throw a poisoned dart.
The poisoned dart hits the gnoll.
Throwing (i - inventory)
g - 3 poisoned darts (quivered)
Press: ? - help, Shift-Dir - straight line, f - gnoll, p - kobold
Aim: a gnoll, wielding a +0 halberd You throw a poisoned dart.
The poisoned dart closely misses the gnoll.
Casting: Sting (safe; 8% risk of failure)
Confirm with . or Enter, or press ? or * to list all spells.
Aiming: Sting (safe; 8% risk of failure)
Press: ? - help, Shift-Dir - straight line, f/p - gnoll
Aim: a gnoll, wielding a +0 halberd The sting hits the gnoll.
The gnoll is poisoned.
The gnoll is moderately wounded.
The kobold throws a stone.
The stone completely misses you.
The gnoll hits you from afar with a +0 halberd!
Ouch! That really hurt!
You die...

..........# ........#.#
..........#.#
'''##...###.########
....###...#.#......#
......##..#....[...+
÷.....##...##......#
''#######..##..(...#
......#g#...#...@..#
##.8..###........(.#
.......≈#..##....g.#
......≈≈#..##......###
.....≈≈≈#...#......(...
..≈≈≈≈≈≈#...............
.≈≈≈≈≈≈≈#..##........K..
<≈≈≈≈≈≈≈#...........(.(.
#########.......##....(.


You could see a gnoll (poisoned) and a kobold.

Vanquished Creatures
  A dart slug (D:1)
  A hobgoblin (D:1)
  A frilled lizard (D:1)
  A kobold (D:1)
4 creatures vanquished.

Notes
Turn   | Place    | Note
-------+----------+-------------------------------------------
     0 | D:1      | DerDa the Formicid Venom Mage began the quest for the Orb.
     0 | D:1      | Reached XP level 1. HP: 13/13 MP: 3/3
   180 | D:1      | Slain by a gnoll

Illustrated notes

Levels and vault maps discovered:
D:1:      lordsloth_arrival_two_stooges, layout_basic, grunt_decor_cap

Action                   || total
-------------------------++-------
Melee: Whip              ||     3
Throw: Dart              ||     4
       Stone             ||     1
 Cast: Sting             ||     6
Dodge: Dodged            ||     4
